Unix NetHack Version 3.7.0-94 Work-in-progress - last build Dec 13 2023 12:42:30 (eb5afe49d650b6f5c6196fad733e3b2b9fb6c025,branch:master). Game began 2023-12-14 11:31:43, ended 2023-12-14 12:18:44. ultra, lawful female dwarven Valkyrie -------- ----- --.......------ ---..<| |..--.........|---.....| |..|---------.|....|..- |.. -.....-|.-- -..| ---- .......|-- ..%----..| ..|.---- ....|....| --- ......".| ------ .---..."| |%%%.| ......| |%...| -....--------|--- --...| ...---.- ---- --..|.........-|..| .............Y@..| ---....{.....---- ....... ....... ---.. Ultra the Fighter St:17 Dx:13 Co:16 In:8 Wi:8 Ch:11 Lawful S:2532 Dlvl:8 $:158 HP:0(50) Pw:6(6) AC:5 Xp:6/506 T:3569 Hungry Burdened Latest messages: You disentangle yourself. You are beginning to feel hungry. The door opens. "Velkommen, ultra! Welcome to Tjibarusa's delicatessen!" You see here an egg (for sale, 18 zorkmids). You see here a food ration (for sale, 90 zorkmids). You see here an egg (for sale, 18 zorkmids). Wait! That's a large mimic! The large mimic hits! You hit the large mimic! The large mimic hits! You hit the large mimic! You hit the large mimic! You miss the large mimic. You kill the large mimic! You see here a large mimic corpse (for sale, 64 zorkmids). You see here a tripe ration (for sale, 30 zorkmids). What do you want to drop? [$a-cegi-tv-yA-E or ?*] You drop 4 tripe rations. Tjibarusa offers 30 gold pieces for your tripe rations. Sell them? [ynaq] (n) You sold 4 tripe rations for 30 gold pieces. You do not owe Tjibarusa anything. You see here an egg (for sale, 18 zorkmids). You see here a food ration (for sale, 90 zorkmids). You hear an animal carcass being offered in sacrifice. "For you, esteemed lady; only 90 zorkmids for this food ration." You have a little trouble lifting F - a food ration (unpaid, 90 zorkmids). A food ration for 90 zorkmids. Pay? [yn] (n) You bought a food ration for 90 gold pieces. "Thank you for shopping in Tjibarusa's delicatessen!" The door resists! The door opens. The yeti hits! The yeti hits again! The yeti bites! The yeti just misses! The yeti hits! The yeti bites! You hit the yeti! The yeti hits! The yeti hits again! The yeti bites! The yeti hits! The yeti hits again! The yeti bites! The yeti hits! The yeti hits again! You die... Do you want your possessions identified? [ynq] (y) Do you want to see your attributes? [ynq] (y) Inventory: Coins $ - 158 gold pieces Weapons t - 7 +0 darts b - a +0 dagger (alternate weapon; not wielded) a - a +1 dwarvish spear (weapon in right hand) Armor w - an uncursed +0 orcish helm x - an uncursed +0 orcish helm c - an uncursed +3 small shield (being worn) j - a blessed +0 cloak of displacement (being worn) l - an uncursed +0 Hawaiian shirt with a hula dancer motif (being worn) p - an uncursed +0 leather armor r - a cursed -1 splint mail Comestibles F - an uncursed food ration i - 2 uncursed lichen corpses Scrolls v - an uncursed scroll of enchant armor g - 2 uncursed scrolls of enchant weapon B - an uncursed scroll of identify m - an uncursed scroll of light E - a blessed scroll of magic mapping s - an uncursed scroll of teleportation Potions y - an uncursed potion of blindness k - an uncursed potion of gain energy q - an uncursed potion of healing o - an uncursed potion of restore ability Wands A - a wand of sleep (0:5) Tools n - an uncursed bell D - an uncursed skeleton key C - an uncursed tin whistle Ultra the Valkyrie's attributes: Background: You were a Fighter, a level 6 dwarven Valkyrie. You were lawful, on a mission for Tyr who was opposed by Odin (neutral) and Loki (chaotic). You were right-handed. You were in the Gnomish Mines, on level 8. You entered the dungeon 3569 turns ago. There was a new moon in effect when your adventure ended. You had 506 experience points, 134 more were needed to attain level 7. Your score was 2532 before end-of-game adjustments. Basics: You had 0 out of 50 hit points. You had all 6 energy points (spell power). Your armor class was 5. Your wallet contained 158 zorkmids. Autopickup was on for '$' plus thrown. Final Characteristics: Your strength was 17 (peak:18/03, limit:18/100). Your dexterity was 13 (limit:20). Your constitution was 16 (limit:20). Your intelligence was 8 (limit:16). Your wisdom was 8 (limit:16). Your charisma was 11 (limit:16). Final Status: You were hungry. You were burdened; movement was slightly slowed. You were wielding a spear. You had basic skill with spear and could have enhanced that. Final Attributes: You were piously aligned. You were cold resistant. You had infravision. You were displaced. You were stealthy. You were warded. You are dead. Miscellaneous: You never encountered a bones level. Total elapsed playing time was 47 minutes. Major events: Turn 1: ultra the lawful dwarven Valkyrie entered the dungeon 623: attained the rank of Skirmisher (level 3) 1694: entered the Gnomish Mines 2670: attained the rank of Fighter (level 6) 3379: reached Mine Town 3569: killed by a yeti Vanquished creatures: a large mimic a small mimic a giant spider a dingo a rock piercer a yellow light an elf zombie 3 giant ants a little dog 15 hill orcs a giant bat a werejackal 3 iguanas a hobbit a large kobold a hobgoblin 2 gnomes a gnome zombie 4 geckos 9 jackals 2 foxes 4 goblins 8 sewer rats 3 grid bugs 5 lichens 5 newts 77 creatures vanquished. No species were genocided or became extinct. Voluntary challenges: You read items or engraved 1 time. You engraved Elbereth 1 time. You never genocided any monsters. You never polymorphed an object. You never changed form. You used no wishes. Achievements: You entered a shop. You attained the rank of Skirmisher. You entered the Gnomish Mines. You attained the rank of Fighter. You entered Minetown. The Dungeons of Doom: levels 1 to 5 Level 1: A sink. Level 2: A weapon shop. Level 3: A grave. Level 4: A general store, some fountains. Stairs down to The Gnomish Mines. Level 5: The Gnomish Mines: levels 5 to 8 Level 5: Level 6: Level 7: Level 8: <- You were here. A delicatessen, a fountain. Final resting place for you, killed by a yeti. Game over: ---------- / \ / REST \ / IN \ / PEACE \ / \ | ultra | | 158 Au | | killed by a yeti | | | | | | | | 2023 | *| * * * | * _________)/\\_//(\/(/\)/\//\/|_)_______ Farvel ultra the Valkyrie... You died in The Gnomish Mines on dungeon level 8 with 2517 points, and 158 pieces of gold, after 3569 moves. You were level 6 with a maximum of 50 hit points when you died.